 Dungeon Sprint DCSS version 0.20.1-1-g8b1a95d (webtiles) character file.

1512 wojtek the Bludgeoner (level 8, -11/83 HPs)
             Began as a Minotaur Fighter on Jan 1, 2018.
             Was an Initiate of Trog.
             Mangled by a hornet (14 damage)
             ... in the Dungeon (Sprint II: "The Violet Keep of Menkaure").
             The game lasted 00:02:07 (958 turns).

wojtek the Bludgeoner (Minotaur Fighter)             Turns: 958, Time: 00:02:13

Health: -11/83     AC:  9    Str: 24    XL:     8   Next: 53%
Magic:  7/7        EV:  7    Int:  5    God:    Trog [......]
Gold:   972        SH:  9    Dex: 11    Spells: 7/7 levels left

rFire    . . .     SeeInvis .   a - +0 flail
rCold    . . .     Gourm    .   c - +0 shield
rNeg     . . .     Faith    .   b - +0 scale mail
rPois    .         Spirit   .   (helmet restricted)
rElec    .         Reflect  .   (no cloak)
rCorr    .         Harm     .   (no gloves)
MR       .....     NoTele   +   (no boots)
Stlth    ..........             (no amulet)
Regen    0.3/turn               (no ring)
MPRegen  0.1/turn               (no ring)

@: lethally poisoned (-11 -> -19), slowed, very slow
A: retaliatory headbutt, horns 2, agile 1, screaming 1
a: Burn Spellbooks, Renounce Religion


You were in the Dungeon.
You worshipped Trog.
Trog was noncommittal.
You were not hungry.

You visited 1 branch You collected 972 gold pieces.

Inventory:

Hand Weapons
 a - a +0 flail (weapon)
Armour
 b - a +0 scale mail (worn)
 c - a +0 shield (worn)
Scrolls
 k - a scroll of blinking
Potions
 d - a potion of might
 h - a potion of haste
 i - 2 potions of magic
 j - a potion of berserk rage
Comestibles
 f - a bread ration
 l - 5 chunks of flesh


   Skills:
 + Level 11.8 Fighting
 * Level 15.4 Maces & Flails
 + Level 11.8 Armour
 - Level 3.6 Shields


You had 7 spell levels left.
You didn't know any spells.

Dungeon Overview and Level Annotations

Branches:
Dungeon (1/1)

Altars:
Cheibriados
Dithmenos
Elyvilon
Fedhas
Gozag
Hepliaklqana
Kikubaaqudgha
Makhleb
Nemelex Xobeh
Okawaru
Qazlal
Ru
Sif Muna
Trog
Uskayaw
Vehumet
Xom
Yredelemnul
Zin
The Shining One
Beogh
Jiyva
Lugonu


Innate Abilities, Weirdness & Mutations

You reflexively headbutt those who attack you in melee.
You have a pair of horns on your head.
You are agile. (Dex +2)
You occasionally shout uncontrollably at your foes.


Message History

The hornet stings you!
* * * LOW HITPOINT WARNING * * *
You feel as though you will be slow longer.
You block the polar bear's attack.
The polar bear claws you but does no damage.
The polar bear claws you.
* * * LOW HITPOINT WARNING * * *
You feel better.
The hornet stings you but does no damage.
The polar bear barely misses you.
The polar bear claws you but does no damage.
The polar bear claws you.
* * * LOW HITPOINT WARNING * * *
The hornet stings you!
* * * LOW HITPOINT WARNING * * *
You are lethally poisoned!
You feel as though you will be slow longer.
The yaktaur unwields an uncursed arbalest.
You block the yaktaur's attack. The hornet stings you!
You die...

###..#..# #..# .#▓$[)$
.'.##+..### ..##.#▓%)$$)
###..#....###...##▓▓▓▓▓▓
# #.##......≈≈≈≈≈≈≈≈≈≈≈≈
.####≈§.§...≈#'########+
#.#≈≈≈§≈≈≈..≈#._..._..#≈
.##≈≈≈≈≈≈§≈.≈#.._._._.#≈
##≈≈≈≈≈§§§≈≈§#.yhc._._#§
≈≈≈≈≈≈≈§≈§≈≈§#_h@._._.#§
+++#≈≈≈≈≈≈§§≈#._._._..#§
S ##≈§§###§≈#_._._...#≈
§ ##≈≈# #§§#._._....#§
§§ +§≈# #≈§#_._.....#≈
≈§ #§≈≈≈§§§##########≈
≈§≈ ########≈≈≈≈≈≈≈≈≈≈
..§###≈########≈ §.§§##≈


You could see 2 polar bears, a yaktaur and a hornet.

Vanquished Creatures
  A polar bear (D)
  2 hippogriffs (D)
  4 neqoxecs (D)
  4 necrophages (D)
  4 worker ants (D)
15 creatures vanquished.

Vanquished Creatures (others)
  Menkaure (D)
  A crocodile (D)
2 creatures vanquished.

Grand Total: 17 creatures vanquished

Notes
Turn   | Place    | Note
-------+----------+-------------------------------------------
     0 | D        | wojtek the Minotaur Fighter began the quest for the Orb.
     0 | D        | Reached XP level 1. HP: 19/19 MP: 0/0
     1 | D        | Noticed a necrophage
     1 | D        | Noticed a necrophage
     1 | D        | Noticed a necrophage
     1 | D        | Noticed a necrophage
     8 | D        | Killed a necrophage
     8 | D        | Reached skill level 7 in Maces & Flails
     8 | D        | Reached XP level 2. HP: 21/29 MP: 1/1
     8 | D        | Reached XP level 3. HP: 26/36 MP: 2/2
     8 | D        | Reached XP level 4. HP: 31/43 MP: 3/3
    15 | D        | Killed a necrophage
    15 | D        | Reached skill level 9 in Maces & Flails
    15 | D        | Reached XP level 5. HP: 27/50 MP: 4/4
    17 | D        | Killed Menkaure
    21 | D        | Killed a necrophage
    21 | D        | Reached skill level 10 in Maces & Flails
    23 | D        | Killed a necrophage
    23 | D        | Reached skill level 11 in Maces & Flails
    23 | D        | Reached XP level 6. HP: 30/60 MP: 5/5
   267 | D        | Reached skill level 12 in Maces & Flails
   340 | D        | Noticed a hippogriff
   340 | D        | Noticed a hippogriff
   349 | D        | Killed a hippogriff
   349 | D        | Reached skill level 10 in Fighting
   349 | D        | Reached skill level 13 in Maces & Flails
   349 | D        | Reached skill level 10 in Armour
   349 | D        | Reached XP level 7. HP: 45/70 MP: 6/6
   354 | D        | Killed a hippogriff
   449 | D        | Noticed a neqoxec
   457 | D        | Killed a neqoxec
   457 | D        | Reached skill level 14 in Maces & Flails
   586 | D        | Noticed a neqoxec
   587 | D        | Noticed a neqoxec
   587 | D        | Noticed a neqoxec
   591 | D        | Gained mutation: You have supernaturally acute eyesight. (SInv) [a neqoxec]
   594 | D        | Killed a neqoxec
   594 | D        | Reached XP level 8. HP: 80/80 MP: 7/7
   618 | D        | Gained mutation: You occasionally shout uncontrollably at your foes. [a neqoxec]
   622 | D        | Lost mutation: You have supernaturally acute eyesight. (SInv) [a neqoxec]
   634 | D        | Gained mutation: You are agile. (Dex +2) [a neqoxec]
   639 | D        | Reached skill level 15 in Maces & Flails
   882 | D        | Found a glowing silver altar of Zin.
   882 | D        | Found a radiant altar of Vehumet.
   883 | D        | Found a basalt altar of Yredelemnul.
   883 | D        | Found a hide-covered altar of Uskayaw.
   883 | D        | Found a glowing golden altar of the Shining One.
   883 | D        | Found a sparkling altar of Nemelex Xobeh.
   884 | D        | Found a bloodstained altar of Trog.
   884 | D        | Found a shimmering altar of Xom.
   884 | D        | Found a burning altar of Makhleb.
   884 | D        | Found an opulent altar of Gozag.
   884 | D        | Found an iron altar of Okawaru.
   885 | D        | Found a deep blue altar of Sif Muna.
   885 | D        | Found a corrupted altar of Lugonu.
   885 | D        | Found a blossoming altar of Fedhas.
   885 | D        | Noticed a polar bear
   886 | D        | Found an ancient bone altar of Kikubaaqudgha.
   886 | D        | Found a sacrificial altar of Ru.
   886 | D        | Found a white marble altar of Elyvilon.
   887 | D        | Found a viscous altar of Jiyva.
   887 | D        | Found a stormy altar of Qazlal.
   887 | D        | Found a shadowy altar of Dithmenos.
   901 | D        | Killed a polar bear
   942 | D        | Found a hazy altar of Hepliaklqana.
   942 | D        | Found a snail-covered altar of Cheibriados.
   944 | D        | Found a roughly hewn altar of Beogh.
   944 | D        | Noticed a hornet
   945 | D        | Noticed a polar bear
   945 | D        | Noticed a polar bear
   945 | D        | Noticed a yaktaur
   954 | D        | Paralysed by a hornet for 2 turns
   956 | D        | Became a worshipper of Trog the Wrathful
   956 | D        | HP: 2/81 [yaktaur/bolt (9)]
   958 | D        | Mangled by a hornet

Skill      XL: |  1  2  3  4  5  6  7  8 |
---------------+-------------------------+-----
Fighting       | 6 7 8 10 11 | 11.8
Maces & Flails | 7 9 11 13 14 15 | 15.4
Armour         | 6 7 8 10 11 | 11.8
Shields        | |  3.6

Action                   |  1- 3 |  4- 6 |  7- 9 || total
-------------------------+-------+-------+-------++-------
Melee: Flail             |     6 |    37 |    70 ||   113
       Headbutt          |     2 |     8 |    15 ||    25
  Use: Potion            |       |       |     2 ||     2
Armor: Scale mail        |     3 |    11 |    51 ||    65
Dodge: Dodged            |       |     7 |    40 ||    47
Block: Shield            |     2 |    13 |    55 ||    70
